 Dungeon Crawl Stone Soup version 0.23.2-30-g0e89c35649 (webtiles) character file.

Game seed: 3532457487640331885

47 vishdafish the Skirmisher (level 3, -3/36 HPs)
             Began as an Ogre Berserker on June 20, 2019.
             Was a Believer of Trog.
             Slain by Sigmund
             ... wielding a +0 scythe
              (12 damage)
             ... on level 2 of the Dungeon.
             The game lasted 00:01:18 (1014 turns).

vishdafish the Skirmisher (Ogre Berserker)          Turns: 1014, Time: 00:01:20

Health: -3/36      AC:  3    Str: 21    XL:     3   Next: 70%
Magic:  3/3        EV: 10    Int: 14    God:    Trog [**....]
Gold:   55         SH:  4    Dex:  8    Spells: 2/2 levels left

rFire    + . .     SeeInvis .   a - +0 spear
rCold    + . .     Gourm    .   (no shield)
rNeg     . . .     Faith    .   h - +0 robe {rC+ rF+}
rPois    +         Spirit   .   (helmet restricted)
rElec    .         Reflect  .   (no cloak)
rCorr    .         Harm     .   (gloves unavailable)
MR       .....                  (boots unavailable)
Stlth    +.........             (no amulet)
HPRegen  0.12/turn              (no ring)
MPRegen  0.08/turn              (no ring)

@: brilliant, berserk cooldown, slowed, very slow
A: large, unfitting armour, large bone plates 1, frail 1, poison resistance,
tough skin 1
a: Berserk, Trog's Hand, Renounce Religion


You were on level 2 of the Dungeon.
You worshipped Trog.
Trog was pleased with you.
You were very hungry.

You visited 1 branch of the dungeon, and saw 2 of its levels.

You collected 55 gold pieces.

Inventory:

Hand Weapons
 a - a +0 spear (weapon)
Armour
 b - a +0 animal skin
 h - a +0 robe of resistance (worn)
Scrolls
 f - a scroll of remove curse {unknown}
 l - a scroll of identify {unknown}
Potions
 g - a potion of agility {unknown}
 i - a potion of flight {unknown}
 j - a potion of heal wounds {unknown}
 k - a potion of ambrosia {unknown}
Comestibles
 c - 5 rations


   Skills:
 + Level 4.6 Fighting
 * Level 3.9 Polearms
 + Level 3.1 Dodging


You had 2 spell levels left.
You didn't know any spells.
Your spell library was empty.

Dungeon Overview and Level Annotations

Branches:
Dungeon (2/15)

Altars:
Kikubaaqudgha
Makhleb
Sif Muna
Xom
Yredelemnul

Annotations:
D:2 Sigmund


Innate Abilities, Weirdness & Mutations

You are too large for most types of armour.
You have tough skin. (AC +1)
You are partially covered in large bone plates. (SH +4)
You are frail. (-10% HP)
Your system is resistant to poisons. (rPois)


Message History

Sigmund is almost dead.
Sigmund gestures wildly while chanting.
Sigmund flickers and vanishes!
Deactivating autopickup; reactivate with Ctrl-A.
Okay, then.
It was a potion of mutation.
You feel extremely strange.
Large bone plates grow over parts of your arms.
You feel frail.
You feel resistant to poisons.
You feel less confused.
You hear some strange, mumbled words.
A magic dart appears from out of thin air!
The magic dart hits you.
It was a potion of brilliance.
You feel clever all of a sudden.
You hear some strange, mumbled words.
A magic dart appears from out of thin air!
The magic dart hits you.
* * * LOW HITPOINT WARNING * * *
Something hits you!
You die...

#.#....#.#
#.###....#
#.##########
#.##........
#.##.##########
#.............#
####.#.######.#
#........#{#
#.....##.#@#
#....###.#.#
#......#...#
#..#.#.###.#
#....#.# ###
#.####.# #.#
#.# #.####.#
#......#


There were no monsters in sight!

Vanquished Creatures
  An iguana (D:2)
  2 dart slugs
  A giant cockroach (D:1)
  A goblin (D:1)
  2 hobgoblins (D:1)
  2 kobolds (D:1)
  A ball python (D:1)
  7 bats
  A frilled lizard (D:1)
  3 rats
21 creatures vanquished.

Notes
Turn   | Place    | Note
-------+----------+-------------------------------------------
     0 | D:1      | vishdafish the Ogre Berserker began the quest for the Orb.
     0 | D:1      | Reached XP level 1. HP: 24/24 MP: 1/1
    32 | D:1      | Found a burning altar of Makhleb.
    34 | D:1      | Found a shimmering altar of Xom.
    34 | D:1      | Found an ancient bone altar of Kikubaaqudgha.
   153 | D:1      | Reached XP level 2. HP: 30/32 MP: 2/2
   577 | D:1      | Found a basalt altar of Yredelemnul.
   577 | D:1      | Found an ancient bone altar of Kikubaaqudgha.
   577 | D:1      | Found a deep blue altar of Sif Muna.
   654 | D:2      | Reached ** piety under Trog
   654 | D:2      | Reached XP level 3. HP: 13/40 MP: 3/3
   990 | D:2      | Noticed Sigmund
  1013 | D:2      | Gained mutation: You are partially covered in large bone
                  | plates. (SH +4) [potion of mutation]
  1013 | D:2      | Gained mutation: You are frail. (-10% HP) [potion of
                  | mutation]
  1013 | D:2      | Gained mutation: Your system is resistant to poisons.
                  | (rPois) [potion of mutation]
  1014 | D:2      | Slain by Sigmund

Skill      XL: |  1  2 |
---------------+-------+-----
Dodging        | 3 |  3.1
Fighting       | |  4.6
Polearms       | |  3.9

Action                   || total
-------------------------++-------
Melee: Spear             ||   112
Invok: Berserk           ||     2
  Use: Potion            ||     2
  Eat: Chunk             ||     1
Armor: Animal skin       ||    17
       Robe              ||     9
Dodge: Dodged            ||    46
